 Dungeon Crawl Stone Soup version 0.29-a0-563-g64e4043184 (webtiles) character file.

Game seed: 12671650051295185843

34 Crownlay the Digger (level 3, 0/19 HPs)
             Began as a Gargoyle Earth Elementalist on June 11, 2022.
             Slain by a gnoll
             ... wielding a +0 club
              (6 damage)
             ... on level 2 of the Dungeon.
             The game lasted 00:03:05 (1211 turns).

Crownlay the Digger (Gargoyle Earth Elementalist)   Turns: 1211, Time: 00:03:06

Health: 0/19       AC:  6    Str: 11    XL:     3   Next: 31%
Magic:  5/7        EV: 11    Int: 17    God:
Gold:   92         SH:  0    Dex: 10    Spells: 3/7 levels left

rFire   . . .      SeeInvis .   f - +2 dagger (protect)
rCold   . . .      Faith    .   (no shield)
rNeg    + . .      Spirit   .   a - +0 robe
rPois   ∞          Reflect  .   k - +0 helmet
rElec   +          Harm     .   (no cloak)
rCorr   .          Rampage  .   (no gloves)
Will    .....                   (no boots)
Stlth   ++........              (no amulet)
HPRegen 0.06/turn               (no ring)
MPRegen 0.10/turn               (no ring)

@: no status effects
A: sickness immunity, AC +3, negative energy resistance 1, electricity
resistance, torment resistance 1, petrification resistance
a: no special abilities


You were on level 2 of the Dungeon.
You visited 1 branch of the dungeon, and saw 2 of its levels.

You collected 92 gold pieces.

Inventory:

Hand Weapons
 f - a +2 dagger of protection (weapon)
Missiles
 e - 5 stones
Armour
 a - a +0 robe (worn)
 k - a +0 helmet (worn)
Scrolls
 g - a scroll of magic mapping {unknown}
 j - a scroll of noise {unknown}
 m - a scroll of teleportation {unknown}
 o - a scroll of identify {unknown}
 p - a scroll of blinking {unknown}
Potions
 b - 2 potions of magic
 c - 2 potions of heal wounds {unknown}
 d - 2 potions of curing {unknown}
 h - a potion of degeneration {unknown}
 i - a potion of ambrosia {unknown}
 l - 2 potions of haste {unknown}
 n - a potion of invisibility {unknown}


   Skills:
 - Level 1.5 Dodging
 - Level 2.1 Stealth
 + Level 2.9 Spellcasting
 + Level 0.2 Conjurations
 - Level 0.7 Transmutations
 * Level 4.2 Earth Magic


You had 3 spell levels left.
You knew the following spells:

 Your Spells              Type           Power      Damage    Failure   Level
a - Sandblast             Erth           34%        2d9       3%          1
b - Stone Arrow           Conj/Erth      20%        3d8       21%         3

Your spell library contained the following spells:

 Spells                   Type           Power      Damage    Failure   Level
 Passwall                 Tmut/Erth      8%         N/A       10%         2
 Petrify                  Tmut/Erth      10%        N/A       54%         4


Dungeon Overview and Level Annotations

Branches:
Dungeon (2/15)

Altars:


Innate Abilities, Weirdness & Mutations

You are immune to sickness and miasma.
Your stone body is resilient. (AC +3)
You are immune to poison.
You resist negative energy. (rN+)
You are resistant to electric shocks. (rElec)
You are resistant to unholy torment.
You are immune to petrification.


Message History

o - a scroll labelled ARATUCVA ALIR You now have 82 gold pieces (gained 7).
p - a scroll labelled JUMOIR TYADIA
Found a stone staircase leading up.
There is a stone staircase leading up here.
You now have 92 gold pieces (gained 10).
Found a robe.
No target in view!
A bat comes into view. 2 gnolls come into view.
Found 8 gold pieces.
The gnoll shouts!
The gnoll moves out of view.
Found 12 gold pieces.
A gnoll comes into view. It is wielding a +0 club.
The blast of sand hits the gnoll.
The gnoll is moderately wounded.
The gnoll shouts!
The bat closely misses you. The gnoll hits you with a +0 whip.
The bat hits you but does no damage. The gnoll hits you with a +0 whip.
The blast of sand hits the gnoll!
The gnoll is almost dead.
The gnoll shouts!
The bat closely misses you. The bat hits you but does no damage.
The gnoll hits you from afar with a +0 spear.
The gnoll attacks as you move away! The gnoll hits you with a +0 club.
The gnoll attacks as you move away! The gnoll hits you but does no damage.
The bat attacks as you move away! The bat hits you.
* * * LOW HITPOINT WARNING * * *
The bat misses you. The gnoll attacks as you move away!
The gnoll closely misses you.
Casting: Sandblast (safe; 3% risk of failure)
Confirm with . or Enter, or press ? or * to list all spells.
Aiming: Sandblast (safe; 3% risk of failure)
Press: ? - help, Shift-Dir - straight line, f/p - gnoll
Aim: a gnoll, wielding a +0 whip (almost dead, 82% to hit)
The blast of sand misses the gnoll.
The blast of sand hits the gnoll.
You kill the gnoll!
The gnoll hits you with a +0 club.
You die...

#.#.#...#.#.#.#
#.#.#.#.#.#.#.# .##.
#.#.#.#.#.#.#.#
.....#.#.#...#.#.#.#
...$.#.#.......#.#.#
.....#...........#.#
..........###......#
......######..###.##
......g.bg@..## #..#####
.....[..###### ##......##
$#..#...# ##........##
............# #..........#
.#####..###...#.<........#
...# .#..........# ...#.
#..........# .... .
#..........# ..... #
##........##


You could see 2 gnolls and a bat.

Vanquished Creatures
  A gnoll (D:2)
  6 ball pythons
  8 bats (D:1)
  An endoplasm (D:1)
  A giant cockroach (D:1)
  2 goblins (D:1)
  4 hobgoblins (D:1)
  2 jackals (D:2)
  A kobold (D:1)
  A frilled lizard (D:1)
  7 rats
34 creatures vanquished.

Notes
Turn   | Place    | Note
-------+----------+-------------------------------------------
     0 | D:1      | Crownlay the Gargoyle Earth Elementalist began the quest
                  | for the Orb.
     0 | D:1      | Reached XP level 1. HP: 10/10 MP: 3/3
   319 | D:1      | Found a faded altar of an unknown god.
   342 | D:1      | Reached XP level 2. HP: 11/15 MP: 5/5
   717 | D:1      | Reached skill level 4 in Earth Magic
   829 | D:1      | Reached XP level 3. HP: 19/19 MP: 7/7
   842 | D:1      | Learned a level 3 spell: Stone Arrow
  1211 | D:2      | Slain by a gnoll

Illustrated notes

Levels and vault maps discovered:
D:1:      onia_arrival_pyramid, layout_rooms,
          hellmonk_ecumenical_altar_arch_garden, minmay_pentomino_q4
D:2:      layout_rooms, dk_noncrumbling_4, grunt_ministairs_11,
          minmay_misc_feat_rugged, minmay_misc_feat_more_columns

Skill      XL: |  1  2 |
---------------+-------+-----
Earth Magic    | 4 |  4.2
Dodging        | |  1.5
Stealth        | |  2.1
Spellcasting   | |  2.9
Conjurations   | |  0.2
Transmutations | |  0.7

Action                   || total
-------------------------++-------
Melee: Dagger            ||    95
       Short sword       ||     4
       Punch             ||     2
 Cast: Sandblast         ||    16
 Stab: Sleeping          ||     4
Armor: Robe              ||    68
Dodge: Dodged            ||   104

Table legend: (Time is in decaauts)
 A = Elapsed time spent in this place.
 B = Non-inter-level travel time spent in this place.
 C = Inter-level travel time spent in this place.
 D = Time resting spent in this place.
 E = Time spent auto-exploring this place.
 F = Levels seen in this place.
 G = Mean time per level.
                   A        B        C        D        E       F      G
               +--------+--------+--------+--------+--------+-----+--------+
         Total |   1225 |   1221 |      4 |      0 |    894 |   2 |  612.5 |
       Dungeon |   1225 |   1221 |      4 |      0 |    894 |   2 |  612.5 |
               +--------+--------+--------+--------+--------+-----+--------+

Top non-repeatable levels by time:
     D:1: 1084 daAuts
     D:2: 140 daAuts
